 Dungeon Crawl Stone Soup version 0.17-a0-1767-gccbed74 (webtiles) character file.

15 kosy22 the Ruffian (level 2, 27/27 HPs)
             Began as a Troll Transmuter on Sept 6, 2015.
             Starved to death
             ... on level 1 of the Dungeon.
             The game lasted 00:03:20 (1195 turns).

kosy22 the Ruffian (Troll Transmuter)               Turns: 1195, Time: 00:03:21

Health: 27/27      AC:  6    Str: 17    XL:     2   Next: 34%
Magic:  3/3        EV: 10    Int:  9    God:
Gold:   42         SH:  0    Dex: 10    Spells: 1 memorised, 2 levels left

rFire  . . .     SeeInvis .     k - +1 dagger (vamp)
rCold  . . .     Clarity  .     b - +0 robe
rNeg   . . .     SustAt   .     (no shield)
rPois  .         Gourm    +     (helmet restricted)
rElec  .         Spirit   .     f - +0 cloak
rCorr  .         Warding  .     (gloves unavailable)
rMut   .         Stasis   .     (boots unavailable)
MR     .....                    (no amulet)
Stlth  +.........               (no ring)
                                (no ring)

@: fainting, not resistant to hostile enchantments, very unstealthy
A: unfitting armour, claws 3, fast metabolism 3, gourmand, regeneration 2,
shaggy fur 1, tough skin 2
a: no special abilities


You were on level 1 of the Dungeon.
You were fainting.

You visited 1 branch of the dungeon, and saw 1 of its levels.

You collected 42 gold pieces.

Inventory:

Hand weapons
 k - a +1 vampiric dagger (weapon)
Missiles
 a - 35 arrows
Armour
 b - a +0 robe (worn)
 f - a +0 cloak (worn)
 j - a +0 cloak
Scrolls
 g - a scroll of remove curse
Potions
 d - a potion of curing {unknown}
 e - a potion of invisibility {unknown}
 h - a potion of agility {unknown}
Books
 c - a book of Changes

   Spells                             Type                      Level
   a - Beastly Appendage              Transmutation                1
   b - Sticks to Snakes               Transmutation                2
   c - Spider Form                    Transmutation/Poison         3
   d - Ice Form                       Ice/Transmutation            4
   e - Blade Hands                    Transmutation                5


   Skills:
 + Level 1.0 Fighting
 + Level 1.7 Dodging
 + Level 3.2 Unarmed Combat
 + Level 1.4 Spellcasting
 + Level 1.5 Transmutations


You had 2 spell levels left.
You knew the following spells:

 Your Spells              Type           Power        Failure   Level  Hunger
a - Beastly Appendage     Trmt           #.....       21%         1    ##.....


Dungeon Overview and Level Annotations

Branches:
Dungeon (1/15)

Altars:


Innate Abilities, Weirdness & Mutations

You are too large for most types of armour.
You have claws for hands.
Your metabolism is lightning-fast.
You like to eat raw meat.
You heal very quickly.
You are covered in fur (AC +1).
You have very tough skin (AC +2).


Message History

You closely miss the giant cockroach.
The giant cockroach is almost dead.
The giant cockroach barely misses you.
You barely miss the giant cockroach.
The giant cockroach is almost dead.
The giant cockroach closely misses you. x2
You hit the giant cockroach but do no damage.
The giant cockroach is almost dead.
The giant cockroach barely misses you.
You completely miss the giant cockroach.
The giant cockroach is almost dead.
The giant cockroach bites you but does no damage.
You hit the giant cockroach but do no damage.
The giant cockroach is almost dead.
The giant cockroach barely misses you.
You hit the giant cockroach.
You kill the giant cockroach!
You see here a giant cockroach corpse.
You have starved to death.
You die...

#.# #...............
########.#
#.##############
.......#.# #...#
.#####.#.###########.#
.# #.#...........#.#
.# #.###########.#.#
.#####.# #.#.#
.....#.###########.#.#
####.#...†......@....#
#...............#.#
#.###############.#
### ###


There were no monsters in sight!

Vanquished Creatures
  A giant gecko (D:1)
  A bat (D:1)
  4 hobgoblins (D:1)
  A ball python (D:1)
  2 giant cockroaches (D:1)
  A giant newt (D:1)
  A goblin (D:1)
  2 kobolds (D:1)
  A plant (D:1)
14 creatures vanquished.

Notes
Turn   | Place    | Note
--------------------------------------------------------------
     0 | D:1      | kosy22 the Troll Transmuter began the quest for the Orb.
     0 | D:1      | Reached XP level 1. HP: 18/18 MP: 1/1
   429 | D:1      | Reached XP level 2. HP: 26/26 MP: 3/3
   815 | D:1      | Reached skill level 1 in Fighting
  1195 | D:1      | Starved to death

Vault maps used:
D:1:      lightli_arrival_windingriver

Action                   || total
-------------------------++-------
Melee: Unarmed           ||    47
       Dagger            ||    58
 Cast: Beastly Appendage ||     1
  Use: Scroll            ||     3
  Eat: Bread ration      ||     2
       Chunk             ||     1
